 Dungeon Sprint DCSS version 0.30-a0-964-gd452b5e7fa (webtiles) character file.

Game seed: 14588275642034781636

102 sircluck the Trooper (level 4, -2/45 HPs)
             Began as a Hill Orc Fighter on Mar 30, 2023.
             Drowned by a water elemental (8 damage)
             ... in the Dungeon (Sprint III: "The Ten Rune Challenge").
             The game lasted 00:02:31 (372 turns).

sircluck the Trooper (Hill Orc Fighter)              Turns: 372, Time: 00:02:32

Health: -2/45      AC:  7    Str: 20    XL:     4   Next: 78%
Magic:  4/4        EV:  9    Int:  8    God:
Gold:   23         SH:  5    Dex: 10    Spells: 3/3 levels left

rFire   . . .      SeeInvis .    a - +0 war axe
rCold   . . .      Faith    .    c - +0 buckler
rNeg    . . .      Spirit   .    b - +0 scale mail
rPois   .          Reflect  .    (no helmet)
rElec   .          Rampage  .    (no cloak)
rCorr   .          NoTele   +    (no gloves)
Will    .....                    (no boots) Stlth
                                 (no amulet)
HPRegen 0.27/turn                (no ring)
MPRegen 0.09/turn                (no ring)

@: mighty, engulfed (cannot breathe)
A: no striking features
a: no special abilities


You were in the Dungeon.
You visited 1 branch You collected 23 gold pieces.

Inventory:

Hand Weapons
 a - a +0 war axe (weapon)
Armour
 b - a +0 scale mail (worn)
 c - a +0 buckler (worn)
Scrolls
 j - 2 scrolls of blinking
 l - a scroll of poison {unknown}
 n - a scroll of immolation {unknown}
 o - 2 scrolls of identify
Potions
 e - a potion of curing
 f - 2 potions of heal wounds
 g - a potion of haste
 h - 2 potions of magic
 i - a potion of berserk rage
 k - a potion of flight {unknown}
 m - a potion of attraction {unknown}
 p - 5 potions of mutation


   Skills:
 + Level 6.4 Fighting
 + Level 6.0 Axes
 + Level 6.1 Armour
 + Level 0.2 Dodging
 + Level 0.1 Stealth
 + Level 5.9 Shields


You had 3 spell levels left.
You didn't know any spells.
Your spell library was empty.

Dungeon Overview and Level Annotations

Branches:
Dungeon (1/1)

Altars:


Message History

You feel sick.
You open the door.
You feel sick.
You are no longer poisoned.
Found 21 gold pieces and 2 potions of mutation.
There is an open door here.
You now have 16 gold pieces (gained 14).
l - a scroll labelled ZIYPAETOVA;
j - 2 scrolls of blinking (gained 1)
m - a murky clear potion
Things that are here:
a potion of mutation; 2 potions of mutation
n - a scroll labelled OCZOR GOPAIM;
o - 2 scrolls of identify
f - 2 potions of heal wounds (gained 1)
Things that are here:
a potion of mutation; a potion of mutation You now have 23 gold pieces (gained 7).
Things that are here:
a potion of mutation; a potion of mutation
p - a potion of mutation;
p - 2 potions of mutation (gained 1)
p - 3 potions of mutation (gained 1);
p - 5 potions of mutation (gained 2)
There is an open door here.
You start resting.
HP restored.
You enter the shallow water.
Moving in this stuff is going to be slow.
You open the door.
A water elemental comes into view.
You feel very mighty all of a sudden.
You closely miss the water elemental. The water elemental hits you!
You closely miss the water elemental. The water elemental closely misses you.
The water elemental hits you!
* * * LOW HITPOINT WARNING * * *
The water elemental engulfs you in water!
You slash the water elemental!
The water elemental is moderately damaged.
* * * LOW HITPOINT WARNING * * *
Your lungs strain for air!
The water elemental closely misses you.
You slash the water elemental!
The water elemental is severely damaged.
You die...

▓▓▓▓▓▓▓▓▓▓▓▓ ▓▓▓
<.#..'.....♣ ♣.#
..#..#.....♣ ♣♣.#
#'####....♣♣ ♣..#
.....#....~♣♣♣♣..# #+#+#
.....#...~~♣..♣..#......
.....#..~~~~....@E.⌠....
####'#..~≈≈~~~...#...###
....)#.~~≈~~~....# ⌠.#
.....#.~≈~~~.....# .#
.....#.~~~.......# #
'#####...........#
....÷............#
▓▓▓▓▓▓▓▓▓▓▓▓▓▓▓▓▓▓


You could see a water elemental.

Vanquished Creatures
  A scorpion (D)
  Jessica (D)
  A human (D)
  2 endoplasms (D)
  A rat (D)
6 creatures vanquished.

Notes
Turn   | Place    | Note
-------+----------+-------------------------------------------
     0 | D        | sircluck the Hill Orc Fighter began the quest for the Orb.
     0 | D        | Reached XP level 1. HP: 19/19 MP: 1/1
    62 | D        | Noticed Jessica
    66 | D        | Killed Jessica
    67 | D        | Reached skill level 5 in Fighting
    67 | D        | Reached XP level 2. HP: 23/29 MP: 2/2
    67 | D        | Reached XP level 3. HP: 29/36 MP: 3/3
   103 | D        | Reached skill level 5 in Armour
   103 | D        | Reached skill level 5 in Shields
   198 | D        | Noticed a scorpion
   212 | D        | Killed a scorpion
   213 | D        | Reached XP level 4. HP: 15/45 MP: 4/4
   367 | D        | Noticed a water elemental
   372 | D        | Drowned by a water elemental

Illustrated notes

Levels and vault maps discovered:
D:        dungeon_sprint_mu [sprint_mu_entry_forest, sprint_mu_temple_rooms,
          sprint_mu_d1_horrors, sprint_mu_d2_genie, sprint_mu_d3_branching,
          sprint_mu_orc_legion, sprint_mu_elf_gauntlet, sprint_mu_hive_nellie,
          sprint_mu_lair_fedhas, sprint_mu_vaults_butterflies,
          sprint_mu_slime_circle, sprint_mu_shoals_kraken,
          sprint_mu_snake_twists, sprint_mu_blade_basic, sprint_mu_crypt_lich,
          sprint_mu_tomb_spiral, sprint_mu_vestibule_basic,
          sprint_mu_gehenna_hellfire, sprint_mu_dis_giant,
          sprint_mu_tartarus_statrot, sprint_mu_cocytus_islands, sprint_mu_zot1]

Skill      XL: |  1  2  3 |
---------------+----------+-----
Fighting       | 5 6 |  6.4
Axes           | 4 6 |  6.0
Armour         | 4 6 |  6.1
Shields        | 4 5 |  5.9
Dodging        | |  0.2
Stealth        | |  0.1

Action                     |  1- 3 |  4- 6 || total
---------------------------+-------+-------++-------
  Melee: War axe           |    26 |     4 ||    30
    Use: Potion            |       |     1 ||     1
 Armour: Scale mail        |     6 |       ||     6
  Dodge: Dodged            |    11 |     2 ||    13
  Block: Buckler           |     4 |       ||     4

Table legend: (Time is in decaauts)
 A = Elapsed time spent in this place.
 B = Non-inter-level travel time spent in this place.
 C = Inter-level travel time spent in this place.
 D = Time resting spent in this place.
 E = Time spent auto-exploring this place.
 F = Levels seen in this place.
 G = Mean time per level.
                   A        B        C        D        E       F      G
               +--------+--------+--------+--------+--------+-----+--------+
         Total |    382 |    363 |     19 |    243 |      0 |   1 |  382.0 |
       Dungeon |    382 |    363 |     19 |    243 |      0 |   1 |  382.0 |
               +--------+--------+--------+--------+--------+-----+--------+

Top non-repeatable levels by time:
       D: 382 daAuts
